 Dungeon Crawl Stone Soup version 0.31-a0-851-g7ff8af7976 (webtiles) character file.

Game seed: 7722658436046719826

1357 olourkin the Spear-Bearer (level 8, -1/74 HPs)
             Began as a Troll Berserker on Oct 7, 2023.
             Was a Priest of Trog.
             Slain by an orc priest
             ... wielding a +0 mace
              (4 damage)
             ... on level 7 of the Dungeon.
             The game lasted 00:15:02 (4623 turns).

olourkin the Spear-Bearer (Troll Berserker)         Turns: 4623, Time: 00:15:03

Health: -1/74      AC:  7    Str: 26    XL:     8   Next: 37%
Magic:  7/7        EV: 10    Int:  3    God:    Trog [***...]
Gold:   431        SH:  0    Dex: 11    Spells: 7/7 levels left

rFire   . . .        a - +0 spear (freeze)
rCold   . . .        (no shield)
rNeg    . . .        C - +0 steam dragon scales
rPois   .            (helmet restricted)
rElec   .            (no cloak)
rCorr   .            (gloves unavailable)
SInv    .            (boots unavailable)
Will    ++...        (no amulet)
Stlth   +            (no ring)
HPRegen 2.12/turn    (no ring)
MPRegen 0.10/turn

%: no passive effects
@: strong-willed, on berserk cooldown, regenerating
A: large, unfitting armour, claws 3, regeneration 1, shaggy fur 1, tough skin 1
a: Renounce Religion, Berserk, Trog's Hand


You were on level 7 of the Dungeon.
You worshipped Trog.
Trog was most pleased with you.
You visited 1 branch of the dungeon, and saw 7 of its levels.

You collected 431 gold pieces.

Inventory:

Hand Weapons
 a - a +0 spear of freezing (weapon)
 c - a +0 spear
 h - a +0 sling
Missiles
 d - 2 curare-tipped darts
 e - 33 stones (quivered)
 g - 3 boomerangs
 t - a throwing net
 w - 11 poisoned darts
 A - 5 javelins
Armour
 b - a +0 animal skin
 C - +0 steam dragon scales (worn)
Wands
 D - a wand of mindburst (17)
Scrolls
 i - a scroll of teleportation {unknown}
 j - 7 scrolls of identify {unknown}
 k - a scroll of butterflies {unknown}
 r - a scroll of enchant weapon {unknown}
 s - a scroll of noise {unknown}
 v - a scroll of revelation {unknown}
 y - a scroll of fear {unknown}
Potions
 f - 2 potions of attraction {unknown}
 l - 2 potions of curing {unknown}
 m - 2 potions of berserk rage {unknown}
 n - a potion of enlightenment {unknown}
 o - a potion of mutation {unknown}
 p - a potion of magic {unknown}
 q - 2 potions of heal wounds {unknown}
 u - 2 potions of haste {unknown}
 x - a potion of might {unknown}
 z - a potion of degeneration {unknown}
 B - a potion of cancellation {unknown}


   Skills:
 - Level 2.4 Fighting
 * Level 8.6 Polearms
 + Level 2.6 Throwing
 - Level 2.4 Dodging


You had 7 spell levels left.
You didn't know any spells.
Your spell library was empty.

Dungeon Overview and Level Annotations

Branches:
Dungeon (7/15)             Temple (0/1) D:6

Altars:
Kikubaaqudgha
Trog
Wu Jian
The Shining One

Shops:
D:1 [


Innate Abilities, Weirdness & Mutations

You are too large for most types of armour.
You have claws for hands.
Your natural rate of healing is unusually fast.
You are covered in fur. (AC +1)
You have tough skin. (AC +1)


Message History

* * * LOW HITPOINT WARNING * * *
The orc hits you but does no damage.
You hit the orc priest but do no damage.
The orc priest is severely wounded.
You feel yourself speed up.
The orc priest hits you but does no damage.
The orc hits you with a +0 hand axe.
* * * LOW HITPOINT WARNING * * *
You closely miss the orc priest.
The orc priest is severely wounded.
The orc priest closely misses you. The orc misses you.
You barely miss the orc priest.
The orc priest is severely wounded.
You barely miss the orc priest.
The orc priest is severely wounded.
The orc priest hits you but does no damage.
The orc barely misses you.
You closely miss the orc priest.
The orc priest is severely wounded.
The orc priest invokes the aid of Beogh against you.
Beogh smites you!
* * * LOW HITPOINT WARNING * * *
The orc hits you with a +0 hand axe.
* * * LOW HITPOINT WARNING * * *
Your skin crawls.
You feel strong-willed. The orc priest misses you.
The orc hits you with a +0 hand axe.
* * * LOW HITPOINT WARNING * * *
The orc priest calls down the wrath of Beogh upon you.
Beogh smites you!
* * * LOW HITPOINT WARNING * * *
You hit the orc priest. You freeze the orc priest.
The orc priest is almost dead.
You barely miss the orc priest.
The orc priest is almost dead.
The orc priest calls down the wrath of Beogh upon you.
Pain shoots through your body!
* * * LOW HITPOINT WARNING * * *
The orc barely misses you. The orc priest hits you with a +0 mace.
You die...

# ##. #. ...
###.#####.# .#
......... .####
...##.#.#.#### ....#
......oo.....###..###
#...#@...<........# .
#o..........##
......#.....#.#
...#...........#
.<...#.......#.###
#...#........#.#
.............#.## ..#
.....#......#
..#.#......#


You could see 2 orc priests and an orc.

Vanquished Creatures
  A wyvern (D:6)
  A steam dragon (D:7)
  A black bear (D:6)
  An ogre (D:5)
  A centaur (D:7)
  A phantom (D:6)
  A kobold brigand (D:4)
  A scorpion (D:5)
  3 hounds
  3 jellies
  3 orc priests
  A sleepcap (D:7)
  2 iguanas
  2 orc wizards (D:3)
  7 adders
  5 gnolls
  A shadow imp (D:5)
  2 white imps
  A worm (D:2)
  4 dart slugs
  15 orcs
  A ball python (D:4)
  6 bats
  6 endoplasms
  7 giant cockroaches
  6 goblins
  6 hobgoblins
  4 jackals (D:1)
  2 quokkas
  5 frilled lizards
  11 kobolds
  4 rats
115 creatures vanquished.

Notes
Turn   | Place    | Note
-------+----------+-------------------------------------------
     0 | D:1      | olourkin the Troll Berserker began the quest for the Orb.
     0 | D:1      | Reached XP level 1. HP: 22/22 MP: 0/0
    63 | D:1      | Reached XP level 2. HP: 29/29 MP: 1/1
    71 | D:1      | Reached skill level 3 in Polearms
   322 | D:1      | Reached XP level 3. HP: 36/36 MP: 2/2
   347 | D:1      | Reached ** piety under Trog
   348 | D:1      | Found Kylostrud's Armour Emporium.
  1024 | D:2      | Reached skill level 4 in Polearms
  1024 | D:2      | Reached XP level 4. HP: 39/44 MP: 3/3
  1310 | D:2      | Found an ancient bone altar of Kikubaaqudgha.
  1451 | D:3      | Reached XP level 5. HP: 41/50 MP: 4/4
  1824 | D:3      | Found a faded altar of an unknown god.
  1873 | D:3      | Reached skill level 5 in Polearms
  1919 | D:3      | Reached *** piety under Trog
  2200 | D:4      | Reached XP level 6. HP: 59/59 MP: 5/5
  2318 | D:4      | Reached skill level 6 in Polearms
  2412 | D:4      | Found a bloodstained altar of Trog.
  2503 | D:5      | Entered Level 5 of the Dungeon
  2809 | D:5      | Found a glowing golden altar of the Shining One.
  2824 | D:5      | Reached XP level 7. HP: 32/66 MP: 6/6
  3094 | D:4      | Reached skill level 7 in Polearms
  3270 | D:6      | Noticed a wyvern
  3309 | D:6      | Found a staircase to the Ecumenical Temple.
  3350 | D:6      | Found an ornate altar of the Wu Jian Council.
  3368 | D:6      | Killed a wyvern
  3572 | D:6      | Reached skill level 1 in Throwing
  3599 | D:6      | Reached skill level 8 in Polearms
  3666 | D:6      | Reached XP level 8. HP: 74/74 MP: 7/7
  4621 | D:7      | HP: 2/74 [orc priest/divine providence (13)]
  4623 | D:7      | Slain by an orc priest

Illustrated notes

Levels and vault maps discovered:
D:1:      heliophobic_arrival_glass_houses, layout_loops_ring, serial_shops,
          shop
D:2:      minmay_chambers_of_twos, layout_basic, basic_altar
D:3:      layout_loops_ring, hellmonk_ecumenical_altar_crossroads
D:4:      layout_basic, lemuel_doored_altar
D:5:      layout_loops_ring, nicolae_overflow_crystal_walls
D:6:      layout_loops_ring, mainiacjoe_overflow_alcove_1,
          minmay_temple_entry_waves
D:7:      layout_basic, elyvilon_altar_3

Skill      XL: |  1  2  3  4  5  6  7  8 |
---------------+-------------------------+-----
Polearms       | 3 4 5 6 8 |  8.6
Throwing       | 1 2 |  2.6
Fighting       | |  2.4
Dodging        | |  2.4

Action                     |  1- 3 |  4- 6 |  7- 9 || total
---------------------------+-------+-------+-------++-------
  Melee: Spear             |   106 |   196 |   204 ||   506
         Punch             |     1 |       |       ||     1
  Throw: Stone             |       |     4 |    24 ||    28
 Invoke: Berserk           |       |       |     4 ||     4
         Trog's Hand       |       |       |     1 ||     1
   Stab: Sleeping          |     2 |     2 |     1 ||     5
 Armour: Animal skin       |    45 |    78 |    77 ||   200
         Steam dragon scal |       |       |    41 ||    41
  Dodge: Dodged            |    32 |    42 |    94 ||   168

Table legend: (Time is in decaauts)
 A = Elapsed time spent in this place.
 B = Non-inter-level travel time spent in this place.
 C = Inter-level travel time spent in this place.
 D = Time resting spent in this place.
 E = Time spent auto-exploring this place.
 F = Levels seen in this place.
 G = Mean time per level.
                   A        B        C        D        E       F      G
               +--------+--------+--------+--------+--------+-----+--------+
         Total |   4569 |   4476 |     93 |    393 |   3105 |   7 |  652.7 |
       Dungeon |   4569 |   4476 |     93 |    393 |   3105 |   7 |  652.7 |
               +--------+--------+--------+--------+--------+-----+--------+

Top non-repeatable levels by time:
     D:6: 848 daAuts
     D:1: 756 daAuts
     D:5: 725 daAuts
     D:2: 626 daAuts
     D:3: 614 daAuts
     D:4: 522 daAuts
     D:7: 475 daAuts
